 Dungeon Crawl Stone Soup version 0.31.0-1-g2c135a008e (webtiles) character file.

Game seed: 2205122970445530962

49280 qw the Skirmisher (level 14, -6/105 HPs)
             Began as a Djinni Hunter on Jan 23, 2024.
             Was a High Priest of Okawaru.
             Mangled by a death yak (10 damage)
             ... on level 5 of the Lair of Beasts.
             The game lasted 00:02:39 (16944 turns).

qw the Skirmisher (Djinni Hunter)                  Turns: 16944, Time: 00:02:39

Health: -6/105     AC: 22    Str:  8    XL:     14   Next: 91%
Gold:   998        EV: 21    Int: 11    God:    Okawaru [*****.] SH:  0 Dex: 22

rFire   + + .        p - +2 orcbow
rCold   x x .        (shield currently unavailable)
rNeg    . . .        u - +2 steam dragon scales
rPois   inf          (no helmet)
rElec   .            g - +0 cloak
rCorr   .            f - +2 pair of gloves
SInv    .            (boots unavailable)
Will    +....        l - amulet of faith
Stlth   ++           e - +4 ring of protection
HPRegen 0.37/turn    k - +4 ring of protection
MPRegen 0.00/turn

%: faith, infuse magic (-7 HP)
@: finesse-ful, flying
A: sickness immunity, fire resistance 2, cold vulnerability 2, float, innate
caster, HP casting, extra vitality 1, iridescent scales 1, screaming 1, weak 1
a: Renounce Religion, Heroism, Finesse, Duel


You were on level 5 of the Lair of Beasts.
You worshipped Okawaru.
Okawaru was extremely pleased with you.
You visited 2 branches of the dungeon, and saw 15 of its levels.

You collected 998 gold pieces.


Innate Abilities, Weirdness & Mutations

You are immune to sickness and miasma.
You are immune to poison.
Your flesh is very heat resistant. (rF++)
You are very vulnerable to cold. (rC--)
You float through the air rather than walking.
You learn spells naturally, not from books.
Your magical power is your life essence.
You have superior vitality. (+4 MHP)
You are partially covered in iridescent scales. (AC +2)
You occasionally shout uncontrollably at your foes.
You are weak. (Str -2)


   Skills:
 - Level 11.0 Fighting
 + Level 14.4 Ranged Weapons
 - Level 5.3 Armour
 - Level 12.0 Dodging
 - Level 0.7 Stealth
 - Level 10.0 Invocations


You knew the following spells:

 Your Spells              Type           Power      Damage    Failure   Level
a - Necrotise             Necr           0%         1d4       34%         1
b - Lesser Beckoning      Tloc           0%         N/A       47%         2
c - Confusing Touch       Hex            0%         N/A       71%         3
d - Dazzling Flash        Conj/Hex       0%         N/A       71%         3
e - Petrify               Alch/Erth      0%         N/A       98%         4
f - Curse of Agony        Necr           0%         N/A       100%        5
Your spell library was empty.

Inventory:

Hand Weapons
 p - a +2 orcbow (weapon)
Armour
 f - a +2 pair of gloves (worn)
 g - a +0 cloak (worn)
 u - +2 steam dragon scales (worn)
Jewellery
 e - a +4 ring of protection (left hand)
 i - an amulet of reflection
 k - a +4 ring of protection (right hand)
 l - an amulet of faith (around neck)
 o - a ring of fire
Wands
 d - a wand of digging (6)
 h - a wand of roots (12)
 m - a wand of charming (8)
Scrolls
 a - 2 scrolls of identify
Potions
 b - 2 potions of enlightenment
 c - 5 potions of haste
 j - a potion of might
 n - 3 potions of curing

Dungeon Overview and Level Annotations

Branches:
Dungeon (10/15)            Temple (0/1) D:7            Lair (5/5) D:10
 Shoals (0/4) Lair:2       Spider (0/4) Lair:3          Orc (0/2) D:10
  Slime: Lair:4-5

Altars:
Gozag
Okawaru
Qazlal
Ru
Trog
Wu Jian

Annotations:
D:6 3 runed translucent doors, qw's ghost, amateur GrHu
Lair:1 1 runed translucent door, qw's ghost, novice GrHu


Message History

The yak is severely wounded.
The yak gores you but does no damage. The yak completely misses you.
The yak gores you. The yak completely misses you.
You shoot an arrow. The arrow hits the yak!
The yak is almost dead.
You shoot an arrow. The arrow hits the yak.
You kill the yak!
Okawaru accepts your kill.
You shoot an arrow. The arrow hits the yak!
The yak is heavily wounded.
The yak completely misses you. The yak gores you but does no damage.
You shoot an arrow. The arrow hits the yak!
The yak is severely wounded.
You shoot an arrow. The arrow hits the yak.
The yak is almost dead.
The yak gores you but does no damage. The yak misses you.
The death yak completely misses you.
You shoot an arrow. The arrow hits the yak!
You kill the yak!
Okawaru accepts your kill.
You shoot an arrow. The arrow hits the death yak!
The death yak is lightly wounded.
You shoot an arrow. The arrow hits the death yak.
The death yak is lightly wounded.
The yak closely misses you. The death yak misses you.
You shoot an arrow. The arrow hits the death yak.
The death yak is lightly wounded.
You shoot an arrow. The arrow hits the death yak!
The death yak is moderately wounded.
The yak gores you! The yak gores you but does no damage.
The death yak gores you but does no damage.
A jelly comes into view.
You shoot an arrow. The arrow hits the death yak.
The death yak is moderately wounded.
You shoot an arrow. The arrow barely misses the death yak.
You shoot an arrow.
The arrow hits the death yak but does no damage.
The death yak is moderately wounded.
The yak misses you. The death yak gores you!
You die...

....?...
#J..... .
....%.## ..
......# ...
##...PP##
....#......P#.#
.P.....Y.......
#....YYY..[...
#.###YY@#.#####
##### #


You could see 3 death yaks, 3 yaks and a jelly.

Vanquished Creatures
  Snorg (Lair:4)
  An entropy weaver (shapeshifter) (D:10)
  2 hydras
  9 death yaks
  A skeletal warrior (D:10)
  A pharaoh ant (Lair:3)
  A flayed ghost (D:10)
  A deep elf pyromancer (D:10)
  A lindwurm (Lair:5)
  Pikel (D:9)
  A harpy (Lair:2)
  An orc knight (D:10)
  Maurice (D:8)
  An ugly thing (D:10)
  A manticore (D:10)
  A cyclops (D:10)
  15 elephants
  4 torpor snails (Lair:5)
  3 black mambas
  An unseen horror (D:10)
  11 cane toads
  2 rime drakes
  Maggie (D:8)
  3 komodo dragons
  3 kobold demonologists (D:10)
  A tengu conjurer (D:10)
  2 polar bears (Lair:1)
  A tarantella (Lair:3)
  5 hornets (Lair:5)
  2 tyrant leeches (Lair:5)
  5 dream sheep (Lair:5)
  Sigmund (D:2)
  3 slime creatures (D:10)
  A jumping spider (Lair:3)
  62 yaks
  A wyvern (Lair:4)
  8 basilisks
  A steam dragon (D:8)
  A warg (Lair:1)
  2 acid dragons
  A swamp drake (D:10)
  16 water moccasins
  5 orc warriors
  An ice beast (D:5)
  2 black bears
  4 ogres
  8 centaurs
  20 wolves
  2 phantoms
  5 kobold brigands
  A lemure (D:9)
  10 bullfrogs
  2 gnoll sergeants (D:9)
  2 scorpions (Lair:3)
  13 wights
  11 killer bees
  3 howler monkeys
  A bombardier beetle (D:6)
  4 hounds
  2 jellies
  2 gnoll boudas
  3 orc priests
  Ijyb (D:3)
  9 orc wizards
  A sleepcap (D:8)
  5 iguanas
  2 hell rats (D:10)
  Robin (D:3)
  4 adders
  18 gnolls
  4 river rats (D:10)
  2 shadow imps
  3 white imps
  2 ufetubi (D:5)
  4 dart slugs
  2 ribbon worms (D:2)
  38 orcs
  10 endoplasms
  3 giant cockroaches
  13 goblins
  9 hobgoblins
  12 jackals
  6 quokkas
  5 ball pythons
  3 bats
  3 frilled lizards
  22 kobolds
  7 rats
471 creatures vanquished.

Notes
Turn   | Place    | Note
-------+----------+-------------------------------------------
     0 | D:1      | qw the Djinni Hunter began the quest for the Orb.
     0 | D:1      | Reached XP level 1. HP: 18/18 MP: 0/0
     0 | D:1      | 0 ||| qw: Version: 0.3-a-135-gb77e89d
     0 | D:1      | 0 ||| qw: Game counter: 826
     0 | D:1      | 0 ||| qw: Melee chars always use a shield: true
     0 | D:1      | 0 ||| qw: God list: Okawaru
     0 | D:1      | 0 ||| qw: Allow faded altars: false
     0 | D:1      | 0 ||| qw: Do Orc after clearing Dungeon:15 true
     0 | D:1      | 0 ||| qw: Do second Lair branch before Depths: true
     0 | D:1      | 0 ||| qw: Lair rune preference: random
     0 | D:1      | 0 ||| qw: Goals: Normal
     0 | D:1      | 0 ||| PLANNING D:1-11
   147 | D:1      | Reached XP level 2. HP: 23/23 MP: 0/0
   544 | D:1      | Reached skill level 4 in Ranged Weapons
   544 | D:1      | Reached XP level 3. HP: 23/28 MP: 0/0
   544 | D:1      | Learned a level 1 spell: Necrotise
   708 | D:1      | 708 ||| UPGRADING to +0 ring mail.
   718 | D:1      | 718 ||| DROPPING +0 leather armour.
   719 | D:1      | 719 ||| UPGRADING to amulet of reflection.
   724 | D:1      | 724 ||| READING scroll labelled HIYZIO EFATRO.
   725 | D:1      | 725 ||| READING scroll labelled ADWEJI FAMUED GIERPH.
   725 | D:1      | 725 ||| BRANDING +0 shortbow.
   726 | D:1      | 726 ||| READING scroll labelled YKKOHO UKOU.
   727 | D:1      | 727 ||| DRINKING 2 fuming inky potions.
   728 | D:1      | 728 ||| DROPPING scroll of butterflies.
   729 | D:1      | 729 ||| DROPPING potion of degeneration.
   821 | D:2      | Reached skill level 1 in Armour
   828 | D:2      | 828 ||| READING scroll of brand weapon.
   828 | D:2      | 828 ||| BRANDING +0 shortbow of flaming.
   976 | D:2      | Reached XP level 4. HP: 34/34 MP: 0/0
  1031 | D:2      | Noticed Sigmund
  1043 | D:2      | Killed Sigmund
  1044 | D:2      | Reached XP level 5. HP: 40/43 MP: 0/0
  1044 | D:2      | Learned a level 2 spell: Lesser Beckoning
  1044 | D:2      | Reached XP level 6. HP: 45/49 MP: 0/0
  1280 | D:2      | 1280 ||| UPGRADING to +0 pair of gloves.
  1285 | D:2      | 1285 ||| READING scroll labelled QARULUOZIXEH.
  1285 | D:2      | 1285 ||| ENCHANTING +0 pair of gloves.
  1286 | D:2      | 1286 ||| READING scroll labelled ILIDIST AMOFF.
  1286 | D:2      | 1286 ||| IDENTIFYING fizzy cyan potion
  1348 | D:3      | 1348 ||| FLEEEEING.
  1350 | D:3      | 1350 ||| STAIRDANCE
  1355 | D:2      | 1355 ||| DRINKING clear potion.
  1355 | D:2      | Gained mutation: You possess an exceptional clarity of
                  | mind. [potion of mutation]
  1355 | D:2      | Gained mutation: You are agile. (Dex +4, Str/Int -1)
                  | [potion of mutation]
  1355 | D:2      | Gained mutation: You have a pair of small antennae on your
                  | head. [potion of mutation]
  1549 | D:3      | Noticed an ogre
  1552 | D:3      | Killed an ogre
  1618 | D:3      | Reached XP level 7. HP: 54/54 MP: 0/0
  1618 | D:3      | Learned a level 3 spell: Confusing Touch
  1793 | D:3      | Noticed Ijyb
  1800 | D:3      | Killed Ijyb
  1801 | D:3      | Reached skill level 3 in Dodging
  2022 | D:3      | Noticed Robin
  2033 | D:3      | Killed Robin
  2034 | D:3      | Reached skill level 5 in Ranged Weapons
  2037 | D:3      | Found a sacrificial altar of Ru.
  2079 | D:3      | 2079 ||| UPGRADING to +4 ring of protection.
  2080 | D:3      | 2080 ||| READING scroll of identify.
  2080 | D:3      | 2080 ||| IDENTIFYING glowing orange potion
  2081 | D:3      | 2081 ||| READING scroll labelled UGERYMIHU.
  2171 | D:3      | 2171 ||| DROPPING potion of attraction.
  2517 | D:4      | Reached skill level 6 in Ranged Weapons
  2594 | D:4      | Reached XP level 8. HP: 52/59 MP: 0/0
  3261 | D:4      | 3261 ||| UPGRADING to +0 cloak.
  3266 | D:4      | 3266 ||| READING scroll of identify.
  3266 | D:4      | 3266 ||| IDENTIFYING black potion
  3267 | D:4      | 3267 ||| READING 2 scrolls labelled JENINO DIFOTU.
  3268 | D:4      | 3268 ||| READING 2 scrolls labelled GOMIMO ZIOZI.
  3269 | D:4      | 3269 ||| DROPPING scroll of immolation.
  3270 | D:4      | 3270 ||| DROPPING scroll of blinking.
  3320 | D:5      | Entered Level 5 of the Dungeon
  3919 | D:5      | Found a bloodstained altar of Trog.
  3920 | D:5      | Found a stormy altar of Qazlal.
  4214 | D:5      | 4214 ||| READING scroll labelled DUZUAV FOWKUS.
  4218 | D:5      | 4218 ||| READING 2 scrolls labelled IGALOWESIO.
  4219 | D:5      | 4219 ||| DROPPING scroll of revelation.
  4228 | D:6      | 4228 ||| STAIRDANCE
  4288 | D:6      | 4288 ||| RETREEEEATING.
  4290 | D:6      | 4290 ||| RETREEEEATING.
  4293 | D:6      | 4293 ||| RETREEEEATING.
  4295 | D:6      | 4295 ||| RETREEEEATING.
  4300 | D:6      | Reached skill level 7 in Ranged Weapons
  4553 | D:6      | Found a runed translucent gate.
  4555 | D:6      | Found a runed translucent gate.
  4556 | D:6      | Found a runed translucent gate.
  4558 | D:6      | Noticed qw's ghost (amateur GrHu)
  4584 | D:6      | Reached XP level 9. HP: 65/65 MP: 0/0
  4584 | D:6      | Learned a level 3 spell: Dazzling Flash
  4621 | D:6      | Found an opulent altar of Gozag.
  4621 | D:6      | Found an iron altar of Okawaru.
  4622 | D:6      | 4622 ||| PLANNING OKAWARU WORSHIP
  4629 | D:6      | Became a worshipper of Warmaster Okawaru
  4630 | D:6      | 4630 ||| PLANNING D:1-11
  4889 | D:7      | 4889 ||| DRINKING potion of mutation.
  4889 | D:7      | Lost mutation: You are agile. (Dex +4, Str/Int -1) [potion
                  | of mutation]
  4889 | D:7      | Lost mutation: You possess an exceptional clarity of mind.
                  | [potion of mutation]
  4889 | D:7      | Lost mutation: You have a pair of small antennae on your
                  | head. [potion of mutation]
  4889 | D:7      | Gained mutation: You sometimes lose your temper in combat.
                  | [potion of mutation]
  4984 | D:7      | Found a staircase to the Ecumenical Temple.
  4994 | D:7      | Reached skill level 8 in Ranged Weapons
  5138 | D:7      | 5138 ||| SWAPPING to +0 orcbow.
  5160 | D:7      | Reached skill level 6 in Fighting
  5169 | D:7      | Reached * piety under Okawaru
  5225 | D:7      | 5225 ||| DROPPING +0 shortbow of freezing.
  5369 | D:7      | 5369 ||| READING scroll of enchant armour.
  5369 | D:7      | 5369 ||| ENCHANTING +1 pair of gloves.
  5388 | D:7      | Reached skill level 1 in Invocations
  5717 | D:7      | 5717 ||| UPGRADING to ring of willpower.
  5718 | D:7      | 5718 ||| READING scroll labelled CUIGYU OXOCW.
  5718 | D:7      | 5718 ||| ENCHANTING +0 orcbow.
  5719 | D:7      | 5719 ||| DRINKING 2 ruby potions.
  5762 | D:8      | 5762 ||| RETREEEEATING.
  5769 | D:8      | 5769 ||| RETREEEEATING.
  5779 | D:8      | 5779 ||| FLEEEEING.
  5780 | D:8      | 5780 ||| FLEEEEING.
  5781 | D:8      | 5781 ||| FLEEEEING.
  5782 | D:8      | 5782 ||| FLEEEEING.
  5783 | D:8      | 5783 ||| FLEEEEING.
  5784 | D:8      | 5784 ||| FLEEEEING.
  5785 | D:8      | 5785 ||| FLEEEEING.
  5786 | D:8      | 5786 ||| FLEEEEING.
  5787 | D:8      | 5787 ||| FLEEEEING.
  5788 | D:8      | 5788 ||| FLEEEEING.
  5789 | D:8      | 5789 ||| FLEEEEING.
  5790 | D:8      | 5790 ||| FLEEEEING.
  5791 | D:8      | 5791 ||| FLEEEEING.
  5792 | D:8      | 5792 ||| FLEEEEING.
  5793 | D:8      | 5793 ||| FLEEEEING.
  5794 | D:8      | 5794 ||| STAIRDANCE
  5904 | D:8      | Reached skill level 3 in Invocations
  5924 | D:8      | Reached ** piety under Okawaru
  5937 | D:8      | Reached XP level 10. HP: 69/72 MP: 0/0
  5988 | D:8      | Noticed Maurice
  5989 | D:8      | 5989 ||| INVOKING Heroism.
  6003 | D:8      | Something stole a ring of fire
  6014 | D:8      | HP: 16/72 [something (4)]
  6016 | D:8      | Killed Maurice
  6017 | D:8      | Reached skill level 9 in Ranged Weapons
  6023 | D:8      | 6023 ||| DRINKING potion of heal wounds.
  6025 | D:8      | 6025 ||| FLEEEEING.
  6026 | D:8      | 6026 ||| FLEEEEING.
  6027 | D:8      | 6027 ||| FLEEEEING.
  6028 | D:8      | 6028 ||| FLEEEEING.
  6030 | D:8      | 6030 ||| FLEEEEING.
  6032 | D:8      | 6032 ||| RETREEEEATING.
  6033 | D:8      | 6033 ||| RETREEEEATING.
  6034 | D:8      | 6034 ||| RETREEEEATING.
  6043 | D:8      | Reached skill level 3 in Armour
  6046 | D:8      | HP: 18/72 [killer bee (1)]
  6092 | D:8      | Reached skill level 6 in Dodging
  6316 | D:8      | Noticed Maggie
  6317 | D:8      | 6317 ||| INVOKING Heroism.
  6327 | D:8      | Killed Maggie
  6866 | D:8      | 6866 ||| UPGRADING to +0 steam dragon scales.
  6876 | D:8      | 6876 ||| DROPPING +0 ring mail.
  6877 | D:8      | 6877 ||| READING 2 scrolls of identify.
  6877 | D:8      | 6877 ||| IDENTIFYING yellow potion
  6878 | D:8      | 6878 ||| READING scroll of identify.
  6878 | D:8      | 6878 ||| IDENTIFYING bubbling yellow potion
  6879 | D:8      | 6879 ||| READING 2 scrolls labelled PINYMUI CUPS.
  6980 | D:8      | 6980 ||| READING scroll labelled WAJYROEFRO.
  6981 | D:8      | 6981 ||| DROPPING scroll of vulnerability.
  6982 | D:8      | 6982 ||| DROPPING potion of ambrosia.
  7025 | D:9      | 7025 ||| STAIRDANCE
  7308 | D:9      | Found an ornate altar of the Wu Jian Council.
  7364 | D:9      | Reached *** piety under Okawaru
  7387 | D:9      | Noticed Pikel
  7389 | D:9      | 7389 ||| ZAPPING wand of light (10) at -5,1 (Pikel; floor).
  7390 | D:9      | 7390 ||| INVOKING Heroism.
  7398 | D:9      | Killed Pikel
  7473 | D:9      | 7473 ||| DRINKING potion of mutation.
  7473 | D:9      | Lost mutation: You sometimes lose your temper in combat.
                  | [potion of mutation]
  7473 | D:9      | Gained mutation: You are robust. (+10% HP) [potion of
                  | mutation]
  7812 | D:9      | Reached XP level 11. HP: 83/86 MP: 0/0
  7812 | D:9      | Learned a level 4 spell: Petrify
  7904 | D:9      | Reached skill level 10 in Ranged Weapons
  8094 | D:9      | 8094 ||| READING scroll of enchant weapon.
  8094 | D:9      | 8094 ||| ENCHANTING +1 orcbow.
  8161 | D:9      | 8161 ||| READING scroll of identify.
  8161 | D:9      | 8161 ||| IDENTIFYING inky potion
  8162 | D:9      | 8162 ||| DRINKING 2 silvery potions.
  8266 | D:9      | 8266 ||| DRINKING 2 green potions.
  8267 | D:9      | 8267 ||| DROPPING potion of berserk rage.
  8268 | D:9      | 8268 ||| DROPPING potion of brilliance.
  8310 | D:10     | Entered Level 10 of the Dungeon
  8376 | D:10     | 8376 ||| READING 2 scrolls of enchant armour.
  8376 | D:10     | 8376 ||| ENCHANTING +0 steam dragon scales.
  8377 | D:10     | 8377 ||| READING scroll of enchant armour.
  8377 | D:10     | 8377 ||| ENCHANTING +1 steam dragon scales.
  8428 | D:10     | 8428 ||| RETREEEEATING.
  8429 | D:10     | 8429 ||| RETREEEEATING.
  8430 | D:10     | 8430 ||| RETREEEEATING.
  8436 | D:10     | Reached **** piety under Okawaru
  8438 | D:10     | 8438 ||| FLEEEEING.
  8439 | D:10     | 8439 ||| FLEEEEING.
  8440 | D:10     | 8440 ||| FLEEEEING.
  8441 | D:10     | 8441 ||| FLEEEEING.
  8442 | D:10     | 8442 ||| FLEEEEING.
  8443 | D:10     | 8443 ||| FLEEEEING.
  8444 | D:10     | 8444 ||| FLEEEEING.
  8445 | D:10     | 8445 ||| FLEEEEING.
  8446 | D:10     | 8446 ||| FLEEEEING.
  8447 | D:10     | 8447 ||| FLEEEEING.
  8448 | D:10     | 8448 ||| FLEEEEING.
  8449 | D:10     | 8449 ||| FLEEEEING.
  8450 | D:10     | 8450 ||| FLEEEEING.
  8451 | D:10     | 8451 ||| FLEEEEING.
  8452 | D:10     | 8452 ||| FLEEEEING.
  8453 | D:10     | 8453 ||| FLEEEEING.
  8454 | D:10     | 8454 ||| FLEEEEING.
  8455 | D:10     | 8455 ||| FLEEEEING.
  8456 | D:10     | 8456 ||| FLEEEEING.
  8457 | D:10     | 8457 ||| FLEEEEING.
  8458 | D:10     | 8458 ||| FLEEEEING.
  8459 | D:10     | 8459 ||| FLEEEEING.
  8460 | D:10     | 8460 ||| FLEEEEING.
  8461 | D:10     | 8461 ||| FLEEEEING.
  8462 | D:10     | 8462 ||| FLEEEEING.
  8463 | D:10     | 8463 ||| FLEEEEING.
  8464 | D:10     | 8464 ||| FLEEEEING.
  8580 | D:10     | Noticed a death yak
  8581 | D:10     | 8581 ||| RETREEEEATING.
  8581 | D:10     | Noticed a death yak
  8582 | D:10     | 8582 ||| RETREEEEATING.
  8583 | D:10     | 8583 ||| RETREEEEATING.
  8584 | D:10     | 8584 ||| RETREEEEATING.
  8585 | D:10     | 8585 ||| RETREEEEATING.
  8586 | D:10     | 8586 ||| RETREEEEATING.
  8587 | D:10     | 8587 ||| RETREEEEATING.
  8588 | D:10     | 8588 ||| RETREEEEATING.
  8589 | D:10     | 8589 ||| RETREEEEATING.
  8590 | D:10     | 8590 ||| ZAPPING wand of light (9) at -5,0 (death yak;
                  | floor).
  8591 | D:10     | 8591 ||| ZAPPING wand of light (8) at -4,0 (death yak;
                  | floor).
  8592 | D:10     | 8592 ||| ZAPPING wand of light (7) at -3,0 (death yak;
                  | floor).
  8593 | D:10     | 8593 ||| ZAPPING wand of light (6) at -2,0 (death yak;
                  | floor).
  8594 | D:10     | 8594 ||| ZAPPING wand of light (5) at -3,1 (death yak;
                  | floor).
  8595 | D:10     | 8595 ||| INVOKING Finesse.
  8599 | D:10     | Noticed a death yak
  8603 | D:10     | Killed a death yak
  8621 | D:10     | Killed a death yak
  8641 | D:10     | HP: 10/90 [death yak (15)]
  8642 | D:10     | 8642 ||| DRINKING 2 potions of heal wounds.
  8646 | D:10     | HP: 14/90 [death yak (11)]
  8647 | D:10     | 8647 ||| DRINKING potion of heal wounds.
  8651 | D:10     | Killed a death yak
  8695 | D:10     | 8695 ||| FLEEEEING.
  8713 | D:10     | 8713 ||| FLEEEEING.
  8723 | D:10     | 8723 ||| FLEEEEING.
  8724 | D:10     | 8724 ||| FLEEEEING.
  8725 | D:10     | 8725 ||| FLEEEEING.
  8726 | D:10     | 8726 ||| FLEEEEING.
  8897 | D:10     | Found a staircase to the Lair.
  9072 | D:10     | Reached skill level 9 in Dodging
  9083 | D:10     | 9083 ||| FLEEEEING.
  9084 | D:10     | 9084 ||| FLEEEEING.
  9085 | D:10     | 9085 ||| FLEEEEING.
  9086 | D:10     | 9086 ||| FLEEEEING.
  9087 | D:10     | 9087 ||| FLEEEEING.
  9088 | D:10     | 9088 ||| FLEEEEING.
  9280 | D:10     | Noticed a flayed ghost
  9281 | D:10     | 9281 ||| INVOKING Finesse.
  9294 | D:10     | Killed a flayed ghost
  9295 | D:10     | Reached skill level 6 in Invocations
  9350 | D:10     | Noticed an orc knight
  9351 | D:10     | 9351 ||| INVOKING Finesse.
  9357 | D:10     | Noticed a manticore
  9373 | D:10     | Killed a manticore
  9375 | D:10     | HP: 10/90 [orc knight/+0 great sword (15)]
  9376 | D:10     | 9376 ||| READING scroll of teleportation.
  9675 | D:10     | 9675 ||| RETREEEEATING.
  9676 | D:10     | 9676 ||| RETREEEEATING.
  9677 | D:10     | 9677 ||| RETREEEEATING.
  9690 | D:10     | 9690 ||| RETREEEEATING.
  9692 | D:10     | 9692 ||| RETREEEEATING.
  9693 | D:10     | 9693 ||| RETREEEEATING.
  9694 | D:10     | 9694 ||| RETREEEEATING.
  9695 | D:10     | 9695 ||| RETREEEEATING.
  9696 | D:10     | 9696 ||| RETREEEEATING.
  9700 | D:10     | 9700 ||| RETREEEEATING.
  9701 | D:10     | 9701 ||| RETREEEEATING.
  9702 | D:10     | 9702 ||| RETREEEEATING.
  9703 | D:10     | 9703 ||| RETREEEEATING.
  9706 | D:10     | 9706 ||| INVOKING Finesse.
  9717 | D:10     | 9717 ||| RETREEEEATING.
  9718 | D:10     | 9718 ||| RETREEEEATING.
  9721 | D:10     | 9721 ||| RETREEEEATING.
  9722 | D:10     | 9722 ||| RETREEEEATING.
  9727 | D:10     | HP: 17/90 [yak (9)]
  9733 | D:10     | HP: 16/90 [yak (2)]
  9738 | D:10     | Reached XP level 12. HP: 18/96 MP: 0/0
  9748 | D:10     | HP: 8/96 [slime creature (11)]
 10104 | D:10     | a boggart changed into an entropy weaver
 10104 | D:10     | Noticed an entropy weaver (shapeshifter)
 10105 | D:10     | 10105 ||| INVOKING Finesse.
 10123 | D:10     | Killed an entropy weaver
 10225 | D:10     | 10225 ||| RETREEEEATING.
 10226 | D:10     | 10226 ||| RETREEEEATING.
 10341 | D:10     | Identified the +6 dagger "Grim Tooth" {venom, ^Drain Dex+4}
 10383 | D:10     | 10383 ||| RETREEEEATING.
 10386 | D:10     | 10386 ||| RETREEEEATING.
 10397 | D:10     | Reached skill level 11 in Ranged Weapons
 10419 | D:10     | Reached skill level 9 in Fighting
 10470 | D:10     | Noticed a skeletal warrior
 10471 | D:10     | 10471 ||| INVOKING Finesse.
 10497 | D:10     | Killed a skeletal warrior
 10641 | D:10     | Noticed a four-headed hydra
 10642 | D:10     | 10642 ||| RETREEEEATING.
 10644 | D:10     | 10644 ||| ZAPPING wand of light (4) at -3,2 (four-headed
                  | hydra; floor).
 10645 | D:10     | 10645 ||| ZAPPING wand of light (3) at -3,2 (four-headed
                  | hydra; floor).
 10648 | D:10     | 10648 ||| RETREEEEATING.
 10649 | D:10     | 10649 ||| ZAPPING wand of light (2) at -3,3 (four-headed
                  | hydra; floor).
 10650 | D:10     | 10650 ||| ZAPPING wand of light (1) at -4,3 (four-headed
                  | hydra; floor).
 10651 | D:10     | Reached ***** piety under Okawaru
 10654 | D:10     | 10654 ||| INVOKING Finesse.
 10662 | D:10     | Killed a four-headed hydra
 10688 | D:10     | 10688 ||| FLEEEEING.
 10754 | D:10     | Reached skill level 9 in Invocations
 11032 | D:10     | Found a staircase to the Orcish Mines.
 11050 | D:10     | 11050 ||| PLANNING LAIR
 11050 | D:10     | 11050 ||| UPGRADING to +4 ring of protection.
 11052 | D:10     | 11052 ||| DROPPING ring of ice.
 11053 | D:10     | 11053 ||| DROPPING ring of willpower.
 11054 | D:10     | 11054 ||| READING 4 scrolls of identify.
 11054 | D:10     | 11054 ||| IDENTIFYING 2 fizzy blue potions
 11112 | Lair:1   | Entered Level 1 of the Lair of Beasts
 11113 | Lair:1   | 11113 ||| RETREEEEATING.
 11114 | Lair:1   | 11114 ||| RETREEEEATING.
 11115 | Lair:1   | 11115 ||| RETREEEEATING.
 11116 | Lair:1   | 11116 ||| RETREEEEATING.
 11117 | Lair:1   | 11117 ||| RETREEEEATING.
 11118 | Lair:1   | 11118 ||| INVOKING Finesse.
 11143 | Lair:1   | Received a gift from Okawaru
 11270 | Lair:1   | Noticed qw's ghost (novice GrHu)
 11275 | Lair:1   | Found a runed translucent door.
 11435 | Lair:1   | Reached XP level 13. HP: 92/103 MP: 0/0
 11435 | Lair:1   | Learned a level 5 spell: Curse of Agony
 11527 | Lair:1   | 11527 ||| RETREEEEATING.
 11532 | Lair:1   | 11532 ||| RETREEEEATING.
 11537 | Lair:1   | 11537 ||| RETREEEEATING.
 11543 | Lair:1   | 11543 ||| RETREEEEATING.
 11544 | Lair:1   | 11544 ||| RETREEEEATING.
 11550 | Lair:1   | 11550 ||| INVOKING Finesse.
 11793 | Lair:1   | Identified the +1 rapier of Onaatsycs {heavy, rElec Dex-3
                  | SInv}
 12093 | Lair:2   | 12093 ||| RETREEEEATING.
 12095 | Lair:2   | 12095 ||| STAIRDANCE
 12148 | Lair:2   | 12148 ||| STAIRDANCE
 12209 | Lair:2   | 12209 ||| STAIRDANCE
 12257 | Lair:2   | 12257 ||| STAIRDANCE
 12305 | Lair:2   | 12305 ||| STAIRDANCE
 12404 | Lair:2   | Reached skill level 12 in Ranged Weapons
 12451 | Lair:2   | 12451 ||| DRINKING potion of mutation.
 12451 | Lair:2   | Lost mutation: You are robust. (+10% HP) [potion of
                  | mutation]
 12451 | Lair:2   | Gained mutation: You are very vulnerable to cold. (rC--)
                  | [potion of mutation]
 12451 | Lair:2   | Gained mutation: You occasionally shout uncontrollably at
                  | your foes. [potion of mutation]
 12451 | Lair:2   | Gained mutation: You are weak. (Str -2) [potion of
                  | mutation]
 12451 | Lair:2   | Gained mutation: You are partially covered in iridescent
                  | scales. (AC +2) [potion of mutation]
 12501 | Lair:2   | 12501 ||| RETREEEEATING.
 12506 | Lair:2   | 12506 ||| RETREEEEATING.
 12553 | Lair:2   | 12553 ||| DRINKING potion of cancellation.
 12566 | Lair:2   | Received a gift from Okawaru
 12759 | Lair:2   | Found a staircase to the Shoals.
 13134 | Lair:2   | 13134 ||| DROPPING ring of positive energy.
 13164 | Lair:3   | 13164 ||| STAIRDANCE
 13217 | Lair:3   | 13217 ||| STAIRDANCE
 13280 | Lair:3   | 13280 ||| FLEEEEING.
 13281 | Lair:3   | 13281 ||| FLEEEEING.
 13282 | Lair:3   | 13282 ||| FLEEEEING.
 13283 | Lair:3   | 13283 ||| FLEEEEING.
 13284 | Lair:3   | 13284 ||| FLEEEEING.
 13285 | Lair:3   | 13285 ||| STAIRDANCE
 13345 | Lair:2   | 13345 ||| READING 3 scrolls of identify.
 13345 | Lair:2   | 13345 ||| IDENTIFYING scroll labelled HIENASEPHA
 13346 | Lair:2   | 13346 ||| DROPPING scroll of amnesia.
 13361 | Lair:3   | 13361 ||| RETREEEEATING.
 13361 | Lair:3   | Found a hole to the Spider Nest.
 13556 | Lair:3   | Received a gift from Okawaru
 13673 | Lair:3   | 13673 ||| INVOKING Finesse.
 14125 | Lair:3   | Identified the +4 falchion of Harmony {drain, Fly rPois}
 14340 | Lair:4   | 14340 ||| RETREEEEATING.
 14341 | Lair:4   | 14341 ||| RETREEEEATING.
 14346 | Lair:4   | 14346 ||| RETREEEEATING.
 14390 | Lair:4   | Reached skill level 13 in Ranged Weapons
 14390 | Lair:4   | 14390 ||| RETREEEEATING.
 14391 | Lair:4   | 14391 ||| RETREEEEATING.
 14392 | Lair:4   | 14392 ||| RETREEEEATING.
 14392 | Lair:4   | HP: 22/96 [cane toad (10)]
 14393 | Lair:4   | 14393 ||| DRINKING potion of heal wounds.
 14394 | Lair:4   | 14394 ||| RETREEEEATING.
 14395 | Lair:4   | 14395 ||| RETREEEEATING.
 14417 | Lair:4   | 14417 ||| RETREEEEATING.
 14419 | Lair:4   | 14419 ||| RETREEEEATING.
 14420 | Lair:4   | 14420 ||| RETREEEEATING.
 14429 | Lair:4   | HP: 22/96 [yak (8)]
 14432 | Lair:4   | Reached XP level 14. HP: 24/103 MP: 0/0
 14444 | Lair:4   | HP: 24/103 [bullfrog (4)]
 14463 | Lair:4   | HP: 25/103 [elephant (6)]
 14469 | Lair:4   | Received a gift from Okawaru
 14474 | Lair:4   | HP: 23/103 [elephant (3)]
 14478 | Lair:4   | 14478 ||| RETREEEEATING.
 14479 | Lair:4   | 14479 ||| RETREEEEATING.
 14479 | Lair:4   | HP: 20/103 [elephant (1)]
 14480 | Lair:4   | 14480 ||| RETREEEEATING.
 14485 | Lair:4   | HP: 10/103 [cane toad (12)]
 14495 | Lair:4   | HP: 1/103 [elephant (12)]
 14515 | Lair:4   | 14515 ||| FLEEEEING.
 14516 | Lair:4   | 14516 ||| FLEEEEING.
 14517 | Lair:4   | 14517 ||| FLEEEEING.
 14518 | Lair:4   | 14518 ||| FLEEEEING.
 14523 | Lair:4   | 14523 ||| FLEEEEING.
 14524 | Lair:4   | 14524 ||| STAIRDANCE
 14788 | Lair:4   | 14788 ||| FLEEEEING.
 14789 | Lair:4   | 14789 ||| STAIRDANCE
 14977 | Lair:4   | 14977 ||| RETREEEEATING.
 14979 | Lair:4   | 14979 ||| RETREEEEATING.
 14980 | Lair:4   | 14980 ||| RETREEEEATING.
 14981 | Lair:4   | 14981 ||| RETREEEEATING.
 14987 | Lair:4   | 14987 ||| RETREEEEATING.
 14988 | Lair:4   | 14988 ||| RETREEEEATING.
 14989 | Lair:4   | 14989 ||| RETREEEEATING.
 14990 | Lair:4   | 14990 ||| RETREEEEATING.
 14994 | Lair:4   | 14994 ||| RETREEEEATING.
 14997 | Lair:4   | 14997 ||| RETREEEEATING.
 15168 | Lair:4   | Noticed Snorg
 15169 | Lair:4   | 15169 ||| RETREEEEATING.
 15170 | Lair:4   | 15170 ||| INVOKING Finesse.
 15171 | Lair:4   | 15171 ||| INVOKING Heroism.
 15202 | Lair:4   | Killed Snorg
 15416 | Lair:4   | 15416 ||| RETREEEEATING.
 15423 | Lair:4   | Reached skill level 14 in Ranged Weapons
 15872 | Lair:4   | 15872 ||| UPGRADING to amulet of faith.
 15913 | Lair:5   | Entered Level 5 of the Lair of Beasts
 15914 | Lair:5   | 15914 ||| RETREEEEATING.
 15915 | Lair:5   | 15915 ||| RETREEEEATING.
 15916 | Lair:5   | 15916 ||| RETREEEEATING.
 15917 | Lair:5   | 15917 ||| RETREEEEATING.
 15918 | Lair:5   | 15918 ||| RETREEEEATING.
 15919 | Lair:5   | 15919 ||| RETREEEEATING.
 15928 | Lair:5   | 15928 ||| RETREEEEATING.
 15929 | Lair:5   | 15929 ||| INVOKING Finesse.
 15930 | Lair:5   | 15930 ||| INVOKING Heroism.
 15974 | Lair:5   | Received a gift from Okawaru
 16014 | Lair:5   | Reached skill level 12 in Dodging
 16244 | Lair:5   | 16244 ||| INVOKING Finesse.
 16278 | Lair:5   | 16278 ||| RETREEEEATING.
 16279 | Lair:5   | 16279 ||| INVOKING Finesse.
 16285 | Lair:5   | 16285 ||| RETREEEEATING.
 16286 | Lair:5   | 16286 ||| RETREEEEATING.
 16287 | Lair:5   | 16287 ||| RETREEEEATING.
 16288 | Lair:5   | 16288 ||| RETREEEEATING.
 16289 | Lair:5   | 16289 ||| RETREEEEATING.
 16290 | Lair:5   | 16290 ||| RETREEEEATING.
 16291 | Lair:5   | 16291 ||| RETREEEEATING.
 16292 | Lair:5   | 16292 ||| RETREEEEATING.
 16293 | Lair:5   | 16293 ||| RETREEEEATING.
 16294 | Lair:5   | 16294 ||| RETREEEEATING.
 16295 | Lair:5   | 16295 ||| RETREEEEATING.
 16296 | Lair:5   | 16296 ||| RETREEEEATING.
 16297 | Lair:5   | 16297 ||| RETREEEEATING.
 16318 | Lair:5   | 16318 ||| INVOKING Finesse.
 16461 | Lair:5   | 16461 ||| INVOKING Finesse.
 16667 | Lair:5   | 16667 ||| RETREEEEATING.
 16668 | Lair:5   | 16668 ||| RETREEEEATING.
 16669 | Lair:5   | 16669 ||| RETREEEEATING.
 16670 | Lair:5   | 16670 ||| RETREEEEATING.
 16671 | Lair:5   | 16671 ||| RETREEEEATING.
 16826 | Lair:5   | 16826 ||| RETREEEEATING.
 16831 | Lair:5   | 16831 ||| RETREEEEATING.
 16843 | Lair:5   | 16843 ||| RETREEEEATING.
 16844 | Lair:5   | 16844 ||| RETREEEEATING.
 16845 | Lair:5   | 16845 ||| RETREEEEATING.
 16847 | Lair:5   | 16847 ||| RETREEEEATING.
 16848 | Lair:5   | 16848 ||| RETREEEEATING.
 16850 | Lair:5   | 16850 ||| RETREEEEATING.
 16851 | Lair:5   | 16851 ||| RETREEEEATING.
 16852 | Lair:5   | 16852 ||| RETREEEEATING.
 16853 | Lair:5   | 16853 ||| RETREEEEATING.
 16854 | Lair:5   | 16854 ||| RETREEEEATING.
 16855 | Lair:5   | 16855 ||| RETREEEEATING.
 16856 | Lair:5   | 16856 ||| RETREEEEATING.
 16857 | Lair:5   | 16857 ||| RETREEEEATING.
 16858 | Lair:5   | 16858 ||| RETREEEEATING.
 16871 | Lair:5   | HP: 26/105 [elephant (11)]
 16872 | Lair:5   | 16872 ||| READING 2 scrolls of teleportation.
 16873 | Lair:5   | Received a gift from Okawaru
 16878 | Lair:5   | 16878 ||| RETREEEEATING.
 16879 | Lair:5   | 16879 ||| RETREEEEATING.
 16880 | Lair:5   | 16880 ||| INVOKING Finesse.
 16882 | Lair:5   | 16882 ||| READING scroll of teleportation.
 16883 | Lair:5   | HP: 20/105 [tyrant leech (1)]
 16890 | Lair:5   | HP: 13/105 [rime drake/icy flash freeze (8)]
 16901 | Lair:5   | 16901 ||| RETREEEEATING.
 16921 | Lair:5   | HP: 15/105 [yak (3)]
 16931 | Lair:5   | HP: 11/105 [yak (4)]
 16941 | Lair:5   | HP: 3/105 [yak (9)]
 16944 | Lair:5   | Mangled by a death yak

Levels and vault maps discovered:
D:1:      dpeg_arrival_leaves_temple_mockup, layout_basic, minmay_vboxes
D:2:      layout_rooms, minmay_quadrilaterals, uniq_sigmund
D:3:      layout_basic, nicolae_vehumet_altar_sigil, lemuel_tele_altar,
          serial_bayou_ford_a, minmay_bisected, uniq_robin, uniq_ijyb
D:4:      layout_loops_corners, minmay_increasing_density
D:5:      layout_layer_cave, nicolae_overflow_squiral
D:6:      layout_rooms, mainiacjoe_overflow_divided_tiny,
          gammafunk_ghost_necromancy
D:7:      layout_loops_ring, temple_doors_e, minmay_unpleasant_kobolds
D:8:      layout_rooms, uniq_maurice, uniq_maggie
D:9:      layout_irregular_city, nzn_wu_jian_contemplation, uniq_pikel
D:10:     minmay_the_grid_3x2 [minmay_the_grid_tri_star, minmay_the_grid_fan,
          minmay_the_grid_eight, minmay_the_grid_spin_star,
          minmay_the_grid_diamond_grid, minmay_the_grid_prize_four_corners],
          layout_gridville, dpeg_lair_monsters, erik_orc_1
Lair:1:   beast_lair_carwin_large_4, layout_misc_corridors,
          hellmonk_ghost_happy_afterlife, minivault_25
Lair:2:   layout_long_grid, nicolae_shoals_entry_roost, patterned_corridor
Lair:3:   layout_big_grid, nicolae_spider_entry_lesser_pyramids
Lair:4:   layout_misc_corridors, grunt_megastairs_4, lemuel_fruit_fields,
          serial_bayou_shore_b, uniq_snorg
Lair:5:   wormcave, layout_gridlike, nicolae_slime_entry_slimehenge,
          grunt_megastairs_2

Skill      XL: |  1  2  3  4  5  6  7  8  9 10 11 12 13 14 |
---------------+-------------------------------------------+-----
Ranged Weapons | 4 6 7 8 9 10 11 13 14 | 14.4
Armour         | 1 2 3 4 5 |  5.3
Fighting       | 5 6 7 8 9 10 11 | 11.0
Dodging        | 3 5 8 9 10 11 12 | 12.0
Invocations    | 3 4 6 9 10 | 10.0
Stealth        | |  0.7

Action                     |  1- 3 |  4- 6 |  7- 9 | 10-12 | 13-15 || total
---------------------------+-------+-------+-------+-------+-------++-------
   Fire: Shortbow          |    96 |    87 |   285 |       |       ||   468
         Orcbow            |       |       |   111 |   927 |  1152 ||  2190
 Invoke: Heroism           |       |       |       |     3 |     2 ||     5
         Finesse           |       |       |       |     8 |     9 ||    17
  Evoke: Wand              |       |       |       |    10 |       ||    10
    Use: Scroll            |     4 |     2 |     9 |    10 |     3 ||    28
         Potion            |     1 |     1 |     2 |     6 |     3 ||    13
 Armour: Leather armour    |    25 |       |       |       |       ||    25
         Ring mail         |    20 |    45 |   202 |    84 |       ||   351
         Steam dragon scal |       |       |       |   242 |   409 ||   651
  Dodge: Dodged            |    50 |    18 |   165 |   450 |   742 ||  1425
  Block: Other             |     6 |    11 |    48 |   111 |   131 ||   307
         Reflection        |       |       |     6 |     4 |       ||    10

Table legend:
 A = Non-vault XP
 B = Vault XP
 C = Vault XP percentage of total XP
 D = Non-vault monster count
 E = Vault monster count
 F = Vault count percentage of total count
                 A         B        C        D         E       F
            +---------+---------+-------+---------+---------+-------
      Total |   42468 |   27932 |  39.7 |     336 |     134 |  28.5
            +---------+---------+-------+---------+---------+-------
        D:1 |      24 |       6 |  20.0 |      16 |       4 |  20.0
        D:2 |      86 |     237 |  73.4 |      21 |       3 |  12.5
        D:3 |     221 |      76 |  25.6 |      25 |      15 |  37.5
        D:4 |     464 |      85 |  15.5 |      17 |       7 |  29.2
        D:5 |     392 |       0 |   0.0 |      11 |       0 |   0.0
        D:6 |     479 |       0 |   0.0 |      11 |       0 |   0.0
        D:7 |    1035 |     297 |  22.3 |      21 |       6 |  22.2
        D:8 |    1729 |     954 |  35.6 |      41 |       2 |   4.7
        D:9 |    1755 |     593 |  25.3 |      33 |       1 |   2.9
       D:10 |    3128 |   11750 |  79.0 |      19 |      46 |  70.8
     Lair:1 |    5736 |    1697 |  22.8 |      29 |      15 |  34.1
     Lair:2 |    2228 |     592 |  21.0 |      13 |       1 |   7.1
     Lair:3 |    7422 |    1441 |  16.3 |      29 |       5 |  14.7
     Lair:4 |    9357 |    3925 |  29.6 |      26 |       8 |  23.5
     Lair:5 |    8412 |    6279 |  42.7 |      24 |      21 |  46.7
            +---------+---------+-------+---------+---------+-------
